 Seeded DCSS version 0.30-a0-1075-gcd70e7a56d (webtiles) character file.

Game seed: 9984866775504283061 (custom seed)

36925 Pimp the Destroyer (level 13, -9/86 HPs)
             Began as an Octopode Fire Elementalist on Apr 14, 2023.
             Was an Initiate of Gozag.
             Mangled by an eight-headed hydra (11 damage)
             ... on level 3 of the Lair of Beasts.
             The game lasted 01:57:56 (29001 turns).

Pimp the Destroyer (Octopode Fire Elementalist)    Turns: 29001, Time: 01:57:56

Health: -9/86      AC:  4    Str: 13    XL:     13   Next: 93%
Magic:  23/23      EV: 19    Int: 23    God:    Gozag
Gold:   2682       SH:  0    Dex: 23    Spells: 1/25 levels left

rFire   + + .      SeeInvis +    q - staff of fire "Haf Ufade" {rF+ rC+ Dex+3}
rCold   + . .      Faith    .    (no shield)
rNeg    + . .      Spirit   .    i - +3 crown of Dyrovepreva {rElec Int+2 SInv}
rPois   .          Reflect  .    (no amulet)
rElec   +          Rampage  .    j - +6 ring of dexterity
rCorr   +                        x - +6 ring of strength
Will    .....                    F - ring of protection from fire
Stlth   ++++++                   y - ring of resist corrosion
HPRegen 0.34/turn                N - ring of positive energy
MPRegen 0.18/turn                (no ring)
                                 (no ring)
                                 (no ring)

@: about to teleport, studying Fighting
A: almost no armour, amphibious, 8 rings, camouflage 1, gelatinous body 1,
(nimble swimmer 1), tentacles
a: Renounce Religion, Potion Petition, Call Merchant, Bribe Branch


You were on level 3 of the Lair of Beasts.
You worshipped Gozag.
Gozag was most pleased with you.
You visited 4 branches of the dungeon, and saw 20 of its levels.

You collected 4684 gold pieces.
You spent 1200 gold pieces at shops.
You paid 802 gold pieces to Gozag.

Inventory:

Hand Weapons
 m - a +2 hand axe of protection
Missiles
 g - a throwing net
 L - 2 boomerangs of dispersal
Armour
 i - the +3 crown of Dyrovepreva (worn) {rElec Int+2 SInv}
   (You acquired it on level 2 of the Dungeon)

   Int:       It affects your intelligence (+2).
   rElec:     It insulates you from electricity.
   SInv:      It lets you see invisible.
Magical Staves
 q - the staff of fire "Haf Ufade" (weapon) {rF+ rC+ Dex+3}
   (You acquired it on level 2 of the Dungeon)

   [staff of fire]

   Base accuracy: +5 Base damage: 5 Base attack delay: 1.2 This weapon's minimum
   attack delay (0.6) is reached at skill level 12.
   Dex:       It affects your dexterity (+3).
   rF:        It protects you from fire.
   rC:        It protects you from cold.
   It falls into the 'Staves' category.
   It is a one-tentacled weapon.
Jewellery
 b - a ring of ice
 h - an amulet of guardian spirit
 j - a +6 ring of dexterity (left tentacle)
 x - a +6 ring of strength (right tentacle)
 y - a ring of resist corrosion (on tentacle)
 F - a ring of protection from fire (on tentacle)
 N - a ring of positive energy (on tentacle)
Wands
 f - a wand of mindburst (6)
 G - a wand of quicksilver (3)
 H - a wand of roots (11) (quivered)
 J - a wand of charming (19)
 P - a wand of polymorph (7)
Scrolls
 e - 2 scrolls of immolation
 n - 5 scrolls of brand weapon
 r - a scroll of magic mapping
 t - 3 scrolls of poison
 u - a scroll of teleportation
 v - 4 scrolls of enchant armour {unknown}
 w - 4 scrolls of amnesia
 z - 2 scrolls of torment {unknown}
 B - 2 scrolls of enchant weapon {unknown}
 I - 2 scrolls of fog
 M - 3 scrolls of vulnerability
Potions
 a - a potion of berserk rage
 c - 4 potions of brilliance
 k - 5 potions of lignification
 l - a potion of flight
 o - a potion of haste
 p - 4 potions of attraction
 s - 3 potions of cancellation
 C - 3 potions of mutation
 D - a potion of resistance
 E - a potion of might


   Skills:
 + Level 7.3 Fighting
 - Level 5.0 Staves
 - Level 7.5 Dodging
 - Level 9.1 Stealth
 - Level 0.6 Unarmed Combat
 - Level 6.8 Spellcasting
 - Level 11.5 Conjurations
 - Level 8.6 Fire Magic
 - Level 11.0 Earth Magic
 - Level 6.2 Evocations


You had one spell level left.
You knew the following spells:

 Your Spells              Type           Power      Damage    Failure   Level
a - Foxfire               Conj/Fire      100%       2x1d9     1%          1
b - Scorch                Fire           100%       2d9       1%          2
c - Flame Wave            Conj/Fire      69%        2d16      1%          4
d - Iskenderun's Battles  Conj           57%        2d11      1%          5
e - Inner Flame           Hex/Fire       41%        N/A       4%          3
f - Volatile Blastmotes   Fire/Tloc      82%        2d16      4%          3
g - Iron Shot             Conj/Erth      28%        9d6       12%         6

Your spell library contained the following spells:

 Spells                   Type           Power      Damage    Failure   Level
 Magic Dart               Conj           100%       1d8       1%          1
 Necrotise                Necr           28%        1d5       8%          1
 Searing Ray              Conj           100%       2d8       1%          2
 Sticky Flame             Conj/Fire      69%        2d8       1%          4
 Dazzling Flash           Conj/Hex       68%        N/A       2%          3
 Lee's Rapid Deconstruct  Erth           28%        3d15*     2%          5
 Ignite Poison            Fire/Tmut/Pois 31%        N/A       7%          3
 Fulminant Prism          Conj/Hex       17%        3d11      8%          4
 Iskenderun's Mystic Bla  Conj/Tloc      34%        2d8       8%          4
 Petrify                  Tmut/Erth      33%        N/A       9%          4
 Sublimation of Blood     Necr           7%         N/A       12%         2
 Starburst                Conj/Fire      34%        6d10      19%         6
 Arcjolt                  Conj/Air       17%        1d27      21%         5
 Irradiate                Conj/Tmut      17%        3d17      21%         5
 Vampiric Draining        Necr           7%         2d6       24%         3
 Vhi's Electric Charge    Tloc/Air       14%        N/A       24%         3
 Statue Form              Tmut/Erth      22%        N/A       77%         6
 Agony                    Necr           7%         N/A       91%         5
 Metabolic Englaciation   Hex/Ice        3%         N/A       91%         5
 Spellforged Servitor     Conj/Summ      17%        N/A       99%         7
 Ignition                 Fire           32%        3d10      100%        8
 Maxwell's Capacitive Co  Air            3%         ∞         100%        8


Dungeon Overview and Level Annotations

Branches:
Dungeon (13/15)            Temple (1/1) D:4            Lair (4/5) D:11
  Swamp (0/4) Lair:3        Snake (0/4) Lair:2          Orc (2/2) D:9
  Slime: Lair:4-5       Elf: Orc:2       Vaults: D:13-14

Altars:
Ashenzari
Cheibriados
Dithmenos
Elyvilon
Fedhas
Gozag
Hepliaklqana
Kikubaaqudgha
Makhleb
Nemelex Xobeh
Okawaru
Qazlal
Ru
Sif Muna
Trog
Uskayaw
Vehumet
Wu Jian
Xom
Yredelemnul
Zin
The Shining One

Shops:
D:6 *   D:12 [   Lair:3 :

Portals:
Trove: D:12 (give 19 potions of curing)

Annotations:
D:5 3 runed translucent doors, Splishie's ghost, amateur GnWn
D:9 2 transporters, exclusions: ice statue and oklob plant, Sleet's ghost, novice SpEn
D:10 4 transporters
Lair:3 3 runed translucent doors, 2 transporters, Sleet's ghost, journeyman MiBe


Innate Abilities, Weirdness & Mutations

You cannot wear most types of armour.
You are amphibious.
You can wear up to eight rings at the same time.
Your skin changes colour to match your surroundings (Stealth+).
Your rubbery body absorbs attacks. (AC +1, EV +1)
((You are camouflaged when in or above water. (Stealth+)))
You have tentacles for arms and can constrict up to eight enemies at once.


Message History

There is a fountain of clear blue water here.
There is a fountain of clear blue water here.
There is an entrance to Bounneh's Book Boutique here.
You no longer have enough gold to bribe branches to halt enemies' attacks and recruit allies.
You pick up a manual of Fighting and begin studying.
Thank you for shopping at Bounneh's Book Boutique!
There is a fountain of clear blue water here.
There is a fountain of clear blue water here.
There is a stone staircase leading down, spattered with blood here.
You climb downwards.
The eight-headed hydra barely misses you.
The eight-headed hydra misses you.
The eight-headed hydra completely misses you.
The eight-headed hydra bites you!
The eight-headed hydra completely misses you.
The eight-headed hydra misses you. The eight-headed hydra bites you!
The eight-headed hydra misses you.
There is a stone staircase leading up, spattered with blood here.
The eight-headed hydra bites you. The eight-headed hydra bites you! x2
The eight-headed hydra closely misses you.
The eight-headed hydra bites you but does no damage.
The eight-headed hydra bites you. x2
The eight-headed hydra closely misses you.
You climb upwards.
Level annotation: 3 runed translucent doors, 2 transporters, Sleet's ghost, journeyman MiBe
There is a stone staircase leading down, spattered with blood here.
As you read the scroll of teleportation, it crumbles to dust.
You feel strangely unstable.
The eight-headed hydra bites you but does no damage.
The eight-headed hydra misses you. x2
The eight-headed hydra barely misses you.
The eight-headed hydra misses you. The eight-headed hydra bites you!
The eight-headed hydra misses you. The eight-headed hydra bites you!
* * * LOW HITPOINT WARNING * * *
The eight-headed hydra attacks as you move away!
The eight-headed hydra bites you!
* * * LOW HITPOINT WARNING * * *
The eight-headed hydra bites you!
You die...
Your body crumbles into a pile of gold.

#.......###.#..........####+++
##......#####..........#....°.
#........#......##....#......
#.............#####...#...○.°
#.............##.#....#..°[b○
#.....................#.○.!E$
##.......##............#######
#.###P##.###.............##.©.
### ####..#..@................
#.###.D#.#.........#...
##..##..##..###......##. ###
#..##...##.## #####...##
##.###..###.....# ....Z###...
#..............##........##[.
####.#.###.....#...###....##.
##### ##<.#.#Z....##...Z#.
##..#.##.ZD..#...k#.


You could see an eight-headed hydra.

Vanquished Creatures
  A boulder beetle (D:12)
  Erica (D:9)
  5 death yaks
  2 two-headed ogres
  Lodul (D:11)
  A deep troll (D:12)
  Amaemon (Lair:1)
  3 bog bodies (Lair:3)
  An orc sorcerer (Orc:1)
  A manticore (D:10)
  A torpor snail (Lair:3)
  A black mamba (Lair:3)
  2 gargoyles
  An orange demon (Lair:1)
  4 kobold demonologists
  3 komodo dragons
  A rime drake (Lair:2)
  3 cane toads
  2 unseen horrors (D:11)
  2 ice devils (Lair:2)
  10 trolls
  Grinder (D:5)
  A hornet (D:8)
  2 polar bears
  5 blink frogs
  7 slime creatures
  A wraith (D:10)
  6 wyverns
  2 vampires
  A human (D:5)
  3 basilisks
  48 yaks
  2 steam dragons
  2 swamp worms (Lair:3)
  2 wargs
  An acid dragon (D:12)
  2 nagas (Lair:2)
  10 water moccasins
  A sky beast (D:7)
  2 black bears
  9 orc warriors
  7 ogres
  10 wolves
  2 centaurs
  The ghost of Sleet the Insei, an amateur OpTm (D:3)
  6 kobold brigands
  A gnoll sergeant (D:11)
  4 scorpions
  4 bullfrogs
  16 wights
  6 killer bees (D:10)
  4 electric eels
  10 howler monkeys
  4 jellies
  5 orc priests
  7 hounds
  A gnoll bouda (D:3)
  2 sleepcaps
  4 iguanas
  11 orc wizards
  10 adders
  25 gnolls
  3 shadow imps
  5 ufetubi
  2 dart slugs
  46 orcs
  5 endoplasms
  4 giant cockroaches
  6 goblins
  4 hobgoblins
  14 jackals
  3 quokkas
  7 ball pythons
  6 bats
  7 frilled lizards
  A goblin zombie (D:5)
  26 kobolds
  A kobold zombie (D:5)
  8 rats
  A spectral kobold (D:9)
  A bush (Lair:3)
445 creatures vanquished.

Vanquished Creatures (collateral kills)
  6 foxfires
6 creatures vanquished.

Vanquished Creatures (others)
  833 foxfires
  16 fungi
  41 plants
890 creatures vanquished.

Grand Total: 1341 creatures vanquished

Notes
Turn   | Place    | Note
-------+----------+-------------------------------------------
     0 | D:1      | Pimp the Octopode Fire Elementalist began the quest for the
                  | Orb.
     0 | D:1      | Reached XP level 1. HP: 11/11 MP: 3/3
   245 | D:1      | Reached XP level 2. HP: 16/17 MP: 0/5
   584 | D:1      | Reached XP level 3. HP: 21/21 MP: 3/6
  1146 | D:2      | Reached XP level 4. HP: 23/27 MP: 2/7
  1465 | D:2      | Identified 2 scrolls of acquirement
  1465 | D:2      | Acquired the staff of fire "Haf Ufade" {rF+ rC+ Dex+3}
  1468 | D:2      | Acquired the +3 crown of Dyrovepreva {rElec Int+2 SInv}
  1468 | D:2      | Found the +3 crown of Dyrovepreva {rElec Int+2 SInv}
  1651 | D:2      | Learned a level 2 spell: Scorch
  1656 | D:2      | Learned a level 4 spell: Flame Wave
  1814 | D:3      | Found a runed translucent door.
  1830 | D:3      | Noticed Sleet's ghost (amateur OpTm)
  1865 | D:3      | Killed Sleet's ghost
  1866 | D:3      | Reached skill level 1 in Staves
  1866 | D:3      | Reached XP level 5. HP: 30/31 MP: 3/9
  2055 | D:3      | Reached XP level 6. HP: 36/36 MP: 7/10
  2558 | D:3      | Reached XP level 7. HP: 41/41 MP: 2/11
  2596 | D:3      | Reached skill level 5 in Stealth
  3913 | D:4      | Learned a level 5 spell: Iskenderun's Battlesphere
  3925 | D:4      | Found a staircase to the Ecumenical Temple.
  3933 | Temple   | Entered the Ecumenical Temple
  4118 | Temple   | Became a worshipper of Gozag Ym Sagoz the Greedy
  5210 | D:5      | Entered Level 5 of the Dungeon
  5324 | D:5      | Found a runed translucent door.
  5324 | D:5      | Noticed a human
  5329 | D:5      | Found a basalt altar of Yredelemnul.
  5348 | D:5      | Killed a human
  5349 | D:5      | Reached skill level 1 in Fighting
  5349 | D:5      | Reached XP level 8. HP: 45/48 MP: 3/13
  5506 | D:5      | Found a runed translucent gate.
  5506 | D:5      | Identified the +2 dagger "Hukuv" {freeze, rPois Int+3
                  | Dex+2}
  5506 | D:5      | Identified the +0 ring mail of the Griffon {Rampage rC+
                  | Will+}
  5507 | D:5      | Found a runed translucent gate.
  5507 | D:5      | Identified the +0 chain mail "Cownamecu" {Harm Rampage rC+}
  5508 | D:5      | Found a runed translucent gate.
  5508 | D:5      | Noticed Splishie's ghost (amateur GnWn)
  5599 | D:5      | Noticed Grinder
  5607 | D:5      | Paralysed by Grinder for 2 turns
  5611 | D:5      | Killed Grinder
  5913 | D:5      | Reached skill level 5 in Fire Magic
  6096 | D:5      | Found a shimmering altar of Xom.
  6248 | D:5      | Found a broken altar of Ashenzari.
  6402 | D:5      | Found a sparkling altar of Nemelex Xobeh.
  6403 | D:5      | Found a sacrificial altar of Ru.
  6528 | D:5      | Learned a level 3 spell: Inner Flame
  6882 | D:6      | Reached XP level 9. HP: 57/57 MP: 9/15
  6979 | D:6      | Reached skill level 1 in Evocations
  7024 | D:6      | Found an ancient bone altar of Kikubaaqudgha.
  7479 | D:6      | Found a bloodstained altar of Trog.
  7590 | D:6      | Found Josuo's Assorted Antiques.
  7769 | D:6      | Reached skill level 5 in Dodging
  8164 | D:7      | Found an ornate altar of the Wu Jian Council.
  8468 | D:7      | Found a hide-covered altar of Uskayaw.
  9222 | D:7      | Reached skill level 5 in Fighting
  9322 | D:8      | Reached skill level 5 in Conjurations
  9417 | D:8      | Noticed a hornet
  9420 | D:8      | Paralysed by a hornet for 3 turns
  9423 | D:8      | Killed a hornet
  9424 | D:8      | Reached XP level 10. HP: 24/66 MP: 10/17
  9623 | D:8      | Reached skill level 5 in Spellcasting
 10564 | D:8      | Learned a level 3 spell: Volatile Blastmotes
 10929 | D:9      | Found a transporter.
 10933 | D:9      | Found a transporter.
 11020 | D:9      | Noticed an ice statue
 11021 | D:9      | Noticed a tengu warrior
 11024 | D:9      | Noticed a two-headed ogre
 11025 | D:9      | Noticed an oklob plant
 11267 | D:9      | Reached skill level 5 in Staves
 11606 | D:9      | Noticed Sleet's ghost (novice SpEn)
 11742 | D:9      | Noticed Erica
 11760 | D:9      | Found a hazy altar of Hepliaklqana.
 11788 | D:9      | Killed Erica
 12449 | D:9      | Reached XP level 11. HP: 74/74 MP: 6/19
 12699 | D:9      | Found a staircase to the Orcish Mines.
 13070 | D:10     | Entered Level 10 of the Dungeon
 13727 | D:10     | Found a transporter.
 13748 | D:10     | Found a transporter.
 13818 | D:10     | Found a transporter.
 13822 | D:10     | Found a transporter.
 14136 | D:10     | Found a white marble altar of Elyvilon.
 14473 | D:10     | Reached skill level 5 in Evocations
 14605 | D:11     | Noticed a two-headed ogre
 14736 | D:11     | Noticed a manticore
 15156 | D:11     | Found a staircase to the Lair.
 15722 | D:11     | Killed a two-headed ogre
 15855 | D:11     | Noticed a two-headed ogre
 15925 | D:11     | Noticed Lodul
 15978 | D:10     | Killed a manticore
 16104 | D:10     | Killed a two-headed ogre
 16521 | D:12     | Reached XP level 12. HP: 81/81 MP: 12/21
 17374 | D:12     | Noticed a death yak
 17421 | D:12     | Killed a death yak
 17581 | D:12     | Learned a level 6 spell: Iron Shot
 17701 | D:12     | Noticed a death yak
 17839 | D:11     | Reached skill level 1 in Earth Magic
 18299 | D:12     | Noticed a death yak
 18387 | D:12     | Noticed a boulder beetle
 19761 | D:12     | Killed a death yak
 20027 | D:12     | Killed a death yak
 20714 | D:12     | Killed a boulder beetle
 20951 | D:12     | Found Uzxumer's Armour Shop.
 21079 | D:12     | Found a portal to a secret trove of treasure.
 21279 | D:12     | Reached skill level 5 in Earth Magic
 21487 | D:13     | Noticed a tengu warrior
 21508 | D:11     | Killed Lodul
 21517 | D:11     | Reached skill level 10 in Conjurations
 21705 | Orc:1    | Entered Level 1 of the Orcish Mines
 21821 | Orc:2    | Entered Level 2 of the Orcish Mines
 21831 | Orc:1    | Noticed an orc warlord
 21860 | Orc:1    | Noticed a sun demon
 22148 | Lair:1   | Entered Level 1 of the Lair of Beasts
 22154 | Lair:1   | Noticed Amaemon
 22166 | Lair:1   | Killed Amaemon
 22167 | Lair:1   | Reached XP level 13. HP: 86/86 MP: 7/23
 24445 | Lair:2   | Found a staircase to the Snake Pit.
 25569 | Lair:3   | Noticed an ice dragon
 25595 | Lair:3   | Found a runed translucent gate.
 25595 | Lair:3   | Found a runed translucent gate.
 25597 | Lair:3   | Found a runed translucent gate.
 25610 | Lair:3   | Found a transporter.
 25648 | Lair:3   | Found a transporter.
 25833 | Lair:3   | Noticed Sleet's ghost (journeyman MiBe)
 26502 | Lair:3   | Found a staircase to the Swamp.
 26515 | Lair:3   | HP: 4/86 [bog body (13)]
 27005 | Lair:3   | Reached skill level 10 in Earth Magic
 28955 | Lair:3   | Bought a manual of Fighting for 1200 gold pieces
 29001 | Lair:3   | HP: 2/86 [eight-headed hydra (11)]
 29001 | Lair:3   | Mangled by an eight-headed hydra

Illustrated notes

Levels and vault maps discovered:
D:1:      minmay_arrival_plants_in_alcoves, layout_basic,
          minmay_misc_feat_plants, chequers_serial_rivers_marsh
D:2:      layout_basic, minmay_misc_feat_columns
D:3:      lemuel_castle_with_subvaults [lemuel_castle_interior_carwin_2],
          layout_rooms, ebering_ghost_sewer_d
D:4:      layout_loops_corners, minmay_temple_entry_gardened_gates,
          roderic_lattice_a
D:5:      layout_loops_corners, evilmike_ruin_ashenzari, dk_yredelemnul_ordeal,
          lemuel_crystal_altar, gammafunk_temple_overflow_pools, serial_demonic,
          serial_demonic_a, serial_demonic_e, serial_demonic_e,
          serial_demonic_c, biasface_ghost_orc_armoury, uniq_grinder
D:6:      layout_cave_pools, marbit_many_paths,
          mainiacjoe_overflow_surrounded_room, serial_shops, shop
D:7:      layout_cave_pods, nicolae_wu_jian_wuxing_cycle,
          mainiacjoe_overflow_alcove_4
D:8:      layout_basic, hangedman_abyss_or_decor_stagger
D:9:      layout_stronghold, nicolae_hepliaklqana_monster_ancestors, erik_orc_2,
          nzn_ghost_randoct, uniq_erica
D:10:     layout_big_octagon, elyvilon_altar_5, grunt_ministairs_6,
          nicolae_diode_intersection
D:11:     layout_basic, minmay_lair_entry_grove, uniq_lodul
D:12:     lemuel_troll_bridge, layout_irregular_city, serial_shops,
          nicolae_shop_trees, nicolae_trove_entry_diagonal
D:13:     kb_forest_paths, layout_irregular_city, grunt_vaults_entry_tiered,
          minmay_librarian, uniq_jorgrun
Temple:   minmay_temple_curvy_loop
Lair:1:   layout_long_grid, serial_bayou_shore_a, uniq_amaemon
Lair:2:   layout_chaotic_city, guppyfry_snake_entry_garden,
          portal_ice_cave_demonic_guard, infiniplex_staircase_pool
Lair:3:   gammafunk_cloud_chamber, layout_small_grid,
          nicolae_swamp_entry_splash_gauntlet, gammafunk_ghost_icy,
          grunt_megastairs_5
Lair:4:   layout_regular_city
Orc:1:    layout_caves, nicolae_volcano_entry_hallway
Orc:2:    st_orc_rangers, layout_caves, gammafunk_ghost_grave, serial_shops,
          nicolae_shop_behind_doors, nicolae_specific_store

Skill      XL: |  1  2  3  4  5  6  7  8  9 10 11 12 13 |
---------------+----------------------------------------+-----
Stealth        | 3 4 5 6 7 8 9 |  9.1
Conjurations   | 2 3 4 5 6 7 10 11 | 11.5
Staves         | 1 2 3 4 5 |  5.0
Dodging        | 3 4 5 6 7 |  7.5
Spellcasting   | 3 4 5 6 |  6.8
Fire Magic     | 4 5 6 8 |  8.6
Fighting       | 1 3 5 6 7 |  7.3
Evocations     | 2 4 5 6 |  6.2
Earth Magic    | 6 11 | 11.0
Unarmed Combat | |  0.6

Action                     |  1- 3 |  4- 6 |  7- 9 | 10-12 | 13-15 || total
---------------------------+-------+-------+-------+-------+-------++-------
  Melee: Unarmed           |    55 |     5 |       |       |       ||    60
         Constrict         |    17 |     8 |    11 |     7 |     5 ||    48
         Tentacles         |    13 |     6 |    13 |    13 |    17 ||    62
         Punch             |     2 |       |     2 |     2 |     1 ||     7
         Staff             |       |    12 |    37 |    45 |    60 ||   154
   Cast: Foxfire           |    36 |    22 |    68 |   318 |    63 ||   507
         Scorch            |       |    30 |   157 |   313 |   167 ||   667
         Iskenderun's Batt |       |       |     1 |    14 |     7 ||    22
         Inner Flame       |       |       |     1 |     3 |     1 ||     5
         Volatile Blastmot |       |       |       |    12 |     4 ||    16
         Flame Wave        |       |       |       |    11 |    11 ||    22
         Iron Shot         |       |       |       |       |     3 ||     3
 Invoke: Call Merchant     |       |       |       |       |     1 ||     1
  Evoke: Wand              |       |       |       |     6 |     1 ||     7
    Use: Scroll            |     3 |     3 |     9 |    16 |     3 ||    34
         Potion            |     1 |       |     1 |    11 |     6 ||    19
   Stab: Sleeping          |     6 |     2 |     1 |     1 |     1 ||    11
 Armour: Skin              |    11 |     4 |    17 |    27 |    21 ||    80
  Dodge: Dodged            |    54 |    12 |   109 |   254 |   184 ||   613

Table legend: (Time is in decaauts)
 A = Elapsed time spent in this place.
 B = Non-inter-level travel time spent in this place.
 C = Inter-level travel time spent in this place.
 D = Time resting spent in this place.
 E = Time spent auto-exploring this place.
 F = Levels seen in this place.
 G = Mean time per level.
                   A        B        C        D        E       F      G
               +--------+--------+--------+--------+--------+-----+--------+
         Total |  29116 |  27260 |   1856 |  11729 |   9099 |  20 | 1455.8 |
       Dungeon |  22302 |  20943 |   1359 |   8661 |   7285 |  13 | 1715.5 |
        Temple |    230 |    146 |     84 |      0 |    130 |   1 |  230.0 |
          Lair |   6421 |   6086 |    335 |   3054 |   1684 |   4 | 1605.2 |
  Orcish Mines |    162 |     85 |     77 |     14 |      0 |   2 |   81.0 |
               +--------+--------+--------+--------+--------+-----+--------+

Top non-repeatable levels by time:
    D:12: 4023 daAuts
  Lair:3: 3320 daAuts
    D:11: 2876 daAuts
     D:9: 2436 daAuts
    D:10: 2237 daAuts
     D:3: 2038 daAuts
     D:5: 1776 daAuts
  Lair:2: 1613 daAuts
  Lair:1: 1397 daAuts
     D:8: 1389 daAuts
     D:7: 1301 daAuts
     D:4: 1286 daAuts
     D:6: 1277 daAuts
     D:2: 848 daAuts
     D:1: 808 daAuts
